 Dungeon Sprint DCSS version 0.26.0-10-g1f06aea511 (webtiles) character file.

Game seed: 17315458566769103147

9200000 Amaterasu the Axe Maniac (level 27, -72/298 HPs)
             Began as a Deep Dwarf Monk on Jan 25, 2021.
             Was the Champion of Makhleb.
             Annihilated by a destroyer
             ... wielding a +9 vorpal great sword
              (204 damage)
             ... in the Dungeon (Sprint VIII: "Arena of Blood").
             The game lasted 00:08:16 (92 turns).

Amaterasu the Axe Maniac (Deep Dwarf Monk)            Turns: 92, Time: 00:08:16

Health: -72/298    AC:  4    Str: 17    XL:     27
Magic:  35/54      EV: 37    Int: 13    God:    Makhleb [******]
Gold:   0          SH:  0    Dex: 24    Spells: 80/80 levels left

rFire    . . .     SeeInvis .   i - +∞ Axe of Woe
rCold    . . .     Faith    .   (shield currently unavailable)
rNeg     + . .     Spirit   .   b - +0 robe
rPois    .         Reflect  .   (no helmet)
rElec    .         Harm     .   (no cloak)
rCorr    .         Rampage  .   (no gloves)
Will     ++++.     NoTele   +   (no boots)
Stlth    ++++++++++             (no amulet)
HPRegen  0.00/turn              (no ring)
MPRegen  0.34/turn              (no ring)

@: marked, non-regenerating, hasted and slowed
A: damage resistance, heal wounds, negative energy resistance 1, sense
surroundings 3, no regeneration
a: Heal Wounds, Renounce Religion, Minor Destruction, Lesser Servant of Makhleb,
Major Destruction, Greater Servant of Makhleb


You were in the Dungeon.
You worshipped Makhleb.
Makhleb was exalted by your worship.
You visited 1 branch

Inventory:

Hand Weapons
 a - a +0 hand axe
 i - the +∞ Axe of Woe (weapon)
   (You found it in the Dungeon)
Armour
 b - a +0 robe (worn)
Potions
 c - a potion of curing
 d - a potion of heal wounds
 f - 2 potions of magic
 g - a potion of berserk rage


   Skills:
 O Level 27 Fighting
 O Level 27 Short Blades
 O Level 27 Long Blades
 O Level 27 Axes
 O Level 27 Maces & Flails
 O Level 27 Polearms
 O Level 27 Staves
 O Level 27 Slings
 O Level 27 Bows
 O Level 27 Crossbows
 O Level 27 Throwing
 O Level 27 Armour
 O Level 27 Dodging
 O Level 27 Stealth
 O Level 27 Shields
 O Level 27 Unarmed Combat
 O Level 27 Spellcasting
 O Level 27 Conjurations
 O Level 27 Hexes
 O Level 27 Summonings
 O Level 27 Necromancy
 O Level 27 Translocations
 O Level 27 Transmutations
 O Level 27 Fire Magic
 O Level 27 Ice Magic
 O Level 27 Air Magic
 O Level 27 Earth Magic
 O Level 27 Poison Magic
 O Level 27 Invocations
 O Level 27 Evocations


You had 80 spell levels left.
You didn't know any spells.
Your spell library was empty.

Dungeon Overview and Level Annotations

Branches:
Dungeon (1/1)

Altars:
Makhleb


Innate Abilities, Weirdness & Mutations

You are resistant to damage.
You can heal yourself by infusing magical energy.
You resist negative energy. (rN+)
You passively map a large area around you.
You do not regenerate.


Message History

The meat beast hisses, "I shall feast on thy neck!"
The meat beast bites you. The meat beast tramples you!
You hold your ground!
The meat berserker rages.
The dread calls on the powers of darkness!
Your body is wracked with pain!
The bag of meat convulses! x6
The meat berserker convulses!
The bag of meat convulses! x2
Something is bathed in an unholy light!
The bag of meat convulses!
The large bag of meat convulses!
Flame seeps out of the large bag of meat.
The bag of meat convulses! x5; The meat berserker convulses!
The bag of meat convulses! x13; The meat berserker convulses!
The bag of meat convulses! x3
The small abomination is engulfed in blazing flames.
The tyrant is engulfed in blazing flames.
The large abomination misses you.
A dread comes into view.
The destroyer is engulfed in blazing flames.
The destroyer hits you with a +9 vorpal great sword!!!!!
Ouch! That really hurt!
You die...

* , , , * ...... .
,.. , * ,......##.*
.#* , , * * ,,,
,........ .. , , ,,
, ,
.####.....##.##..
#............... ,
, , , , ,
,#......o{.X#.#.. ,
, ,,
#...o..VoMoX.o.. ,*
,, * .
#o.○)☼W@XoLXo..,,,
, *
...#°°°)XV°OW.X.. ,
,
,...o☼°☼)§Xx2X.L..,
, ,, , ,
...o°X°WO§°☼{o..X,
, , ,,


...oooo#°2oxOLX#o, , , , , .#o.oo.#oooX.2X#, ., ,, , ,,* ..z.W###zoXXXOV###... ,
..oo2.oooo###oXoX.... , , .o#xo..)ooo_.oL○..... , You could see an accursed, 5
tentacled monstrosities, 4 meat beasts, 3 tyrants, 3 destroyers, 2 sculptors of
flesh, a large bag of meat (inner flame), 12 large abominations, 4 dreads, 3
meat berserkers, a small abomination, 31 bags of meat and a crawling corpse.

Vanquished Creatures
  Sigmund (D)
  9 hell beasts (D)
  3 royal mummies (D)
  4 wraiths (D)
  25 vampire knights (D)
  56 ogres (D)
  6 two-headed ogres (D)
  6 liches (D)
  A hydra (D)
  65 orcs (D)
  A phantom (D)
  5 skeletal warriors (D)
  9 large abominations (D)
  8 small abominations (D)
  10 crawling corpses (D)
209 creatures vanquished.

Vanquished Creatures (others)
  9 ogres (D)
  6 two-headed ogres (D)
  A hydra (D)
  11 orcs (D)
  11 crawling corpses (D)
38 creatures vanquished.

Grand Total: 247 creatures vanquished

Notes
Turn   | Place    | Note
-------+----------+-------------------------------------------
     0 | D        | Found the +∞ Axe of Woe
     0 | D        | Amaterasu the Deep Dwarf Monk began the quest for the Orb.
     0 | D        | Reached XP level 1. HP: 20/20 MP: 1/1
     0 | D        | Noticed a meat berserker
     2 | D        | Noticed a meat berserker
     3 | D        | Became a worshipper of Makhleb the Destroyer
     3 | D        | Reached * piety under Makhleb
     3 | D        | Reached ** piety under Makhleb
     5 | D        | Killed a meat berserker
     6 | D        | Reached skill level 27 in Axes
     6 | D        | Reached skill level 15 in Dodging
     6 | D        | Reached XP level 2. HP: 48/48 MP: 2/2
     6 | D        | Reached XP level 3. HP: 55/55 MP: 3/3
     6 | D        | Reached XP level 4. HP: 63/63 MP: 4/4
     6 | D        | Reached XP level 5. HP: 70/70 MP: 5/5
     6 | D        | Reached XP level 6. HP: 79/79 MP: 6/6
     6 | D        | Reached XP level 7. HP: 86/86 MP: 7/7
     6 | D        | Reached XP level 8. HP: 94/94 MP: 8/8
     6 | D        | Gained mutation: You passively map the area around you.
                  | [Deep Dwarf growth]
     6 | D        | Reached XP level 9. HP: 102/102 MP: 9/9
     6 | D        | Reached XP level 10. HP: 110/110 MP: 10/10
     6 | D        | Reached XP level 11. HP: 117/117 MP: 11/11
     6 | D        | Reached XP level 12. HP: 126/126 MP: 12/12
     6 | D        | Reached XP level 13. HP: 133/133 MP: 13/13
     6 | D        | Noticed a meat berserker
     7 | D        | Noticed a bag of meat
     7 | D        | Noticed a bag of meat
     7 | D        | Noticed a bag of meat
     8 | D        | Noticed a meat berserker
     8 | D        | Noticed a meat berserker
     9 | D        | Killed a meat berserker
    10 | D        | Gained mutation: You resist negative energy. (rN+) [Deep
                  | Dwarf growth]
    10 | D        | Reached XP level 14. HP: 157/157 MP: 14/14
    10 | D        | Killed a bag of meat
    10 | D        | Noticed a bag of meat
    10 | D        | Noticed a bag of meat
    11 | D        | Killed a meat berserker
    11 | D        | Reached *** piety under Makhleb
    11 | D        | Noticed a meat berserker
    12 | D        | Reached XP level 15. HP: 177/177 MP: 15/15
    13 | D        | Reached skill level 27 in Dodging
    14 | D        | Killed a meat berserker
    14 | D        | Reached **** piety under Makhleb
    15 | D        | Reached skill level 27 in Fighting
    15 | D        | Reached skill level 15 in Armour
    15 | D        | Reached XP level 16. HP: 200/200 MP: 15/28
    17 | D        | Killed a meat berserker
    17 | D        | Killed a meat berserker
    18 | D        | Reached skill level 27 in Invocations
    18 | D        | Reached XP level 17. HP: 208/208 MP: 15/34
    19 | D        | Reached skill level 27 in Armour
    19 | D        | Reached skill level 10 in Stealth
    19 | D        | Gained mutation: You passively map a large area around you.
                  | [Deep Dwarf growth]
    19 | D        | Reached XP level 18. HP: 218/218 MP: 15/35
    19 | D        | Reached ***** piety under Makhleb
    19 | D        | Noticed a meat berserker
    20 | D        | Noticed a meat berserker
    24 | D        | Noticed a large bag of meat
    24 | D        | Killed a meat berserker
    25 | D        | Reached skill level 27 in Stealth
    25 | D        | Reached XP level 19. HP: 226/226 MP: 16/36
    25 | D        | Noticed a large bag of meat
    25 | D        | Killed a meat berserker
    25 | D        | Killed a large bag of meat
    25 | D        | Noticed a meat berserker
    26 | D        | Reached skill level 15 in Polearms
    26 | D        | Reached skill level 15 in Unarmed Combat
    26 | D        | Noticed a meat berserker
    26 | D        | Noticed a destroyer
    28 | D        | Noticed a destroyer
    29 | D        | Killed a meat berserker
    30 | D        | Reached XP level 20. HP: 236/236 MP: 18/41
    30 | D        | Noticed a destroyer
    30 | D        | Noticed a destroyer
    30 | D        | Killed a meat berserker
    30 | D        | Reached ****** piety under Makhleb
    30 | D        | Noticed a meat berserker
    31 | D        | Noticed a destroyer
    31 | D        | Noticed a large bag of meat
    31 | D        | Killed a destroyer
    31 | D        | Noticed a meat berserker
    32 | D        | Reached XP level 21. HP: 244/244 MP: 18/46
    32 | D        | Noticed a destroyer
    33 | D        | Noticed a destroyer
    34 | D        | Killed a large bag of meat
    35 | D        | Noticed a destroyer
    36 | D        | Killed a destroyer
    36 | D        | Killed a destroyer
    37 | D        | Reached skill level 27 in Maces & Flails
    37 | D        | Reached skill level 27 in Polearms
    37 | D        | Reached skill level 27 in Unarmed Combat
    37 | D        | Reached skill level 27 in Spellcasting
    37 | D        | Reached XP level 22. HP: 254/254 MP: 19/53
    37 | D        | Noticed a destroyer
    37 | D        | Noticed a large bag of meat
    38 | D        | Noticed a destroyer
    38 | D        | Killed a destroyer
    39 | D        | Reached skill level 27 in Staves
    39 | D        | Reached skill level 5 in Long Blades
    39 | D        | Reached skill level 5 in Slings
    39 | D        | Reached skill level 5 in Crossbows
    39 | D        | Reached skill level 5 in Shields
    39 | D        | Reached skill level 5 in Summonings
    39 | D        | Reached skill level 5 in Necromancy
    39 | D        | Reached skill level 5 in Translocations
    39 | D        | Reached XP level 23. HP: 148/262 MP: 20/54
    39 | D        | Noticed a destroyer
    39 | D        | Noticed a large bag of meat
    40 | D        | Killed a destroyer
    40 | D        | Killed a destroyer
    41 | D        | Reached skill level 10 in Slings
    41 | D        | Reached skill level 10 in Crossbows
    41 | D        | Reached skill level 10 in Shields
    41 | D        | Reached skill level 10 in Necromancy
    41 | D        | Reached skill level 10 in Translocations
    41 | D        | Reached XP level 24. HP: 155/272 MP: 20/54
    41 | D        | Killed a large bag of meat
    41 | D        | Killed a destroyer
    42 | D        | Reached skill level 10 in Short Blades
    42 | D        | Reached skill level 10 in Throwing
    42 | D        | Reached skill level 10 in Conjurations
    42 | D        | Reached skill level 10 in Transmutations
    42 | D        | Reached skill level 10 in Fire Magic
    42 | D        | Reached skill level 10 in Ice Magic
    42 | D        | Reached skill level 15 in Earth Magic
    42 | D        | Reached skill level 10 in Poison Magic
    42 | D        | Reached skill level 15 in Evocations
    42 | D        | Noticed a destroyer
    43 | D        | Reached skill level 10 in Hexes
    43 | D        | Reached skill level 10 in Air Magic
    44 | D        | Killed a destroyer
    45 | D        | Reached skill level 10 in Bows
    45 | D        | Reached XP level 25. HP: 79/280 MP: 21/54
    45 | D        | Killed a destroyer
    46 | D        | Reached skill level 15 in Slings
    46 | D        | Reached skill level 15 in Crossbows
    46 | D        | Reached skill level 15 in Shields
    46 | D        | Reached skill level 15 in Necromancy
    46 | D        | Reached skill level 15 in Translocations
    46 | D        | Killed a large bag of meat
    48 | D        | Killed a destroyer
    49 | D        | Reached skill level 15 in Long Blades
    49 | D        | Reached skill level 15 in Summonings
    49 | D        | Noticed a tyrant
    50 | D        | Killed a destroyer
    51 | D        | Reached skill level 15 in Poison Magic
    51 | D        | Reached XP level 26. HP: 245/290 MP: 23/54
    51 | D        | Noticed a tyrant
    52 | D        | Reached skill level 15 in Short Blades
    52 | D        | Reached skill level 15 in Throwing
    52 | D        | Reached skill level 15 in Conjurations
    52 | D        | Reached skill level 15 in Transmutations
    52 | D        | Reached skill level 15 in Fire Magic
    52 | D        | Reached skill level 15 in Ice Magic
    53 | D        | Noticed a destroyer
    53 | D        | Killed a destroyer
    54 | D        | Reached skill level 15 in Hexes
    54 | D        | Reached skill level 15 in Air Magic
    54 | D        | Reached XP level 27. HP: 291/298 MP: 23/54
    54 | D        | Noticed an accursed
    55 | D        | Reached skill level 15 in Bows
    55 | D        | Noticed a tyrant
    55 | D        | Noticed an accursed
    56 | D        | Killed a tyrant
    57 | D        | Killed a destroyer
    58 | D        | Reached skill level 27 in Earth Magic
    58 | D        | Reached skill level 27 in Evocations
    59 | D        | Noticed The Captor
    60 | D        | Killed a large bag of meat
    60 | D        | Noticed a destroyer
    63 | D        | Noticed a dread
    64 | D        | Noticed a tyrant
    64 | D        | Noticed a meat beast
    64 | D        | Noticed a large bag of meat
    65 | D        | Killed a destroyer
    65 | D        | Killed a tyrant
    65 | D        | Noticed a destroyer
    67 | D        | Noticed a dread
    67 | D        | Noticed a destroyer
    67 | D        | Killed The Captor
    68 | D        | Reached skill level 27 in Slings
    68 | D        | Reached skill level 27 in Crossbows
    68 | D        | Reached skill level 27 in Shields
    68 | D        | Reached skill level 27 in Necromancy
    68 | D        | Reached skill level 27 in Translocations
    68 | D        | Noticed a large bag of meat
    69 | D        | Killed a tyrant
    69 | D        | Noticed a meat beast
    69 | D        | Noticed a destroyer
    69 | D        | Noticed a dread
    69 | D        | Noticed a destroyer
    70 | D        | Reached skill level 27 in Long Blades
    70 | D        | Killed a destroyer
    70 | D        | Noticed a meat beast
    71 | D        | Reached skill level 27 in Summonings
    71 | D        | Noticed a dread
    71 | D        | Killed a meat beast
    71 | D        | Killed a destroyer
    71 | D        | Noticed a large bag of meat
    72 | D        | Reached skill level 27 in Short Blades
    72 | D        | Reached skill level 27 in Bows
    72 | D        | Reached skill level 27 in Throwing
    72 | D        | Reached skill level 27 in Conjurations
    72 | D        | Reached skill level 27 in Hexes
    72 | D        | Reached skill level 27 in Transmutations
    72 | D        | Reached skill level 27 in Fire Magic
    72 | D        | Reached skill level 27 in Ice Magic
    72 | D        | Reached skill level 27 in Air Magic
    72 | D        | Reached skill level 27 in Poison Magic
    72 | D        | Killed a dread
    72 | D        | Noticed a large bag of meat
    72 | D        | Noticed a destroyer
    73 | D        | Killed an accursed
    73 | D        | Noticed a meat beast
    73 | D        | Noticed a tyrant
    73 | D        | Noticed an accursed
    73 | D        | Noticed a destroyer
    73 | D        | Noticed a destroyer
    74 | D        | Noticed a large bag of meat
    75 | D        | Killed an accursed
    75 | D        | Noticed a meat beast
    75 | D        | Noticed a tyrant
    77 | D        | Noticed a destroyer
    77 | D        | Killed a dread
    77 | D        | Noticed a destroyer
    77 | D        | Noticed a tyrant
    78 | D        | Noticed a large bag of meat
    78 | D        | Noticed a dread
    78 | D        | Killed a meat beast
    78 | D        | Killed a dread
    79 | D        | Killed a destroyer
    79 | D        | Noticed a meat beast
    79 | D        | Killed a large bag of meat
    79 | D        | Killed a large bag of meat
    79 | D        | Noticed an accursed
    79 | D        | Noticed a destroyer
    79 | D        | Noticed a dread
    80 | D        | Killed a meat beast
    80 | D        | Noticed a large bag of meat
    80 | D        | Killed a large bag of meat
    80 | D        | Killed a large bag of meat
    81 | D        | Killed a tyrant
    81 | D        | Killed a destroyer
    81 | D        | Killed a destroyer
    81 | D        | Killed a destroyer
    82 | D        | Noticed a meat beast
    82 | D        | Noticed a destroyer
    82 | D        | Killed a large bag of meat
    82 | D        | Noticed a large bag of meat
    82 | D        | Noticed a destroyer
    82 | D        | Noticed a meat beast
    83 | D        | Noticed a tyrant
    83 | D        | Noticed a tyrant
    84 | D        | Killed a meat beast
    84 | D        | Killed a destroyer
    84 | D        | Killed a destroyer
    84 | D        | Noticed a dread
    85 | D        | Noticed a meat beast
    85 | D        | Noticed a destroyer
    85 | D        | Noticed a meat beast
    86 | D        | Killed an accursed
    86 | D        | Killed a meat beast
    86 | D        | Killed a meat beast
    87 | D        | Killed a meat beast
    88 | D        | Noticed a destroyer
    88 | D        | Killed a large bag of meat
    88 | D        | Noticed a tyrant
    89 | D        | Killed a destroyer
    89 | D        | Killed a meat beast
    89 | D        | Killed a destroyer
    89 | D        | Killed a dread
    89 | D        | Killed a large bag of meat
    90 | D        | Killed a destroyer
    90 | D        | Killed a meat beast
    90 | D        | Noticed a meat beast
    91 | D        | Noticed a meat beast
    91 | D        | Killed a tyrant
    91 | D        | Killed a tyrant
    92 | D        | Noticed a dread
    92 | D        | Annihilated by a destroyer

Illustrated notes

Levels and vault maps discovered:
D:        meatsprint

Skill      XL: |  1  2  3  4  5  6  7  8  9 10 11 12 13 14 15 16 17 18 19 20 21 22 23 24 25 26 27 |
---------------+----------------------------------------------------------------------------------+-----
Axes           | 27 | 27.0
Fighting       | 13 18 22 27 | 27.0
Dodging        | 15 21 26 27 | 27.0
Armour         | 15 24 27 | 27.0
Invocations    | 17 27 | 27.0
Stealth        | 10 27 | 27.0
Maces & Flails | 9 19 24 27 | 27.0
Polearms       | 8 18 22 27 | 27.0
Unarmed Combat | 8 18 22 27 | 27.0
Spellcasting   | 7 17 21 27 | 27.0
Staves         | 9 27 | 27.0
Short Blades   | 4 9 11 14 16 27 | 27.0
Long Blades    | 5 9 12 16 18 27 | 27.0
Slings         | 5 10 13 17 19 27 | 27.0
Bows           | 4 7 10 12 14 27 | 27.0
Crossbows      | 5 10 13 17 19 27 | 27.0
Throwing       | 4 9 11 14 16 27 | 27.0
Shields        | 5 10 13 17 19 27 | 27.0
Conjurations   | 4 9 11 14 16 27 | 27.0
Hexes          | 4 8 11 13 15 27 | 27.0
Summonings     | 5 9 12 16 18 27 | 27.0
Necromancy     | 5 10 13 17 19 27 | 27.0
Translocations | 5 10 13 17 19 27 | 27.0
Transmutations | 4 9 11 14 17 27 | 27.0
Fire Magic     | 4 9 11 14 16 27 | 27.0
Ice Magic      | 4 9 11 14 16 27 | 27.0
Air Magic      | 4 8 11 13 15 27 | 27.0
Earth Magic    | 7 13 17 21 24 27 | 27.0
Poison Magic   | 4 9 11 15 17 27 | 27.0
Evocations     | 7 13 17 21 24 27 | 27.0

Action                   |  1- 3 |  4- 6 |  7- 9 | 10-12 | 13-15 | 16-18 | 19-21 | 22-24 | 25-27 || total
-------------------------+-------+-------+-------+-------+-------+-------+-------+-------+-------++-------
Melee: Executioner's axe |     1 |       |       |       |     5 |     5 |     7 |     6 |    46 ||    70
  Use: Scroll            |       |       |       |       |     1 |       |       |       |       ||     1
       Potion            |       |       |       |       |       |       |       |       |     1 ||     1
Armor: Robe              |       |       |       |       |       |       |       |       |     4 ||     4
Dodge: Dodged            |       |       |       |       |     1 |     1 |       |       |    16 ||    18
